 Dungeon Crawl Stone Soup version 0.31-a0-18-gea43df2a32 (webtiles) character file.

Game seed: 17346929236605455026

373 Dittersdorf the Covered (level 6, -1/40 HPs)
             Began as a Gargoyle Fighter on May 9, 2023.
             Slain by a gnoll bouda
             ... wielding a +0 falchion
              (6 damage)
             ... on level 3 of the Dungeon.
             The game lasted 00:05:03 (3492 turns).

Dittersdorf the Covered (Gargoyle Fighter)          Turns: 3492, Time: 00:05:03

Health: -1/40      AC: 17    Str: 22    XL:     6   Next: 71%
Magic:  6/6        EV:  8    Int:  8    God:
Gold:   513        SH:  4    Dex:  9    Spells: 5/5 levels left

rFire   . . .        v - +0 morningstar
rCold   . . .        c - +0 buckler
rNeg    + . .        y - +0 chain mail
rPois   ∞            b - +0 helmet
rElec   +            w - +0 cloak
rCorr   +            l - +0 pair of gloves
SInv    .            (no boots)
Will    .....        (no amulet) Stlth
                     f - ring of resist corrosion
HPRegen 0.26/turn    (no ring)
MPRegen 0.10/turn

%: no passive effects
@: no status effects
A: sickness immunity, AC +4, negative energy resistance 1, electricity
resistance, torment resistance 1, petrification resistance
a: no special abilities


You were on level 3 of the Dungeon.
You visited 1 branch of the dungeon, and saw 4 of its levels.

You collected 513 gold pieces.

Inventory:

Hand Weapons
 v - a +0 morningstar (weapon)
Missiles
 h - 2 poisoned darts (quivered)
Armour
 b - a +0 helmet (worn)
 c - a +0 buckler (worn)
 l - a +0 pair of gloves (worn)
 w - a +0 cloak (worn)
 y - a +0 chain mail (worn)
Jewellery
 f - a ring of resist corrosion (left hand)
Scrolls
 e - a scroll of enchant weapon {unknown}
 q - a scroll of teleportation
 u - a scroll of noise
Potions
 a - a potion of ambrosia {unknown}
 d - a potion of might
 g - 2 potions of heal wounds {unknown}
 n - 3 potions of degeneration {unknown}
 o - a potion of attraction {unknown}
 p - a potion of cancellation {unknown}
 r - 2 potions of flight {unknown}
 s - a potion of invisibility {unknown}
 x - a potion of curing


   Skills:
 + Level 4.9 Fighting
 + Level 3.8 Maces & Flails
 + Level 4.9 Armour
 + Level 4.9 Shields


You had 5 spell levels left.
You didn't know any spells.
Your spell library contained the following spells:

 Spells                   Type           Power      Damage    Failure   Level
 Wereblood                Tmut           0%         N/A       99%         2
 Petrify                  Tmut/Erth      0%         N/A       100%        4
 Irradiate                Conj/Tmut      0%         3d11      100%        5
 Summon Hydra             Summ           0%         N/A       100%        7
 Sublimation of Blood     Necr           Unusable   N/A       N/A         2

Dungeon Overview and Level Annotations

Branches:
Dungeon (4/15)
 Temple: D:4-7

Altars:
Uskayaw
Wu Jian

Annotations:
D:3 3 runed translucent doors, BlasphemerAmon's ghost, amateur DsHu; oldplebian's ghost, amateur DgEE


Innate Abilities, Weirdness & Mutations

You are immune to sickness and miasma.
Your stone body is resilient. (AC +4)
You are immune to poison.
You resist negative energy. (rN+)
You are resistant to electric shocks. (rElec)
You are resistant to unholy torment.
You are immune to petrification.


Message History

You block the gnoll's attack.
You closely miss the gnoll bouda.
The gnoll bouda is moderately wounded.
The gnoll bouda closely misses you. The gnoll hits you but does no damage.
Your attacks no longer feel as feeble.
The gnoll bouda attacks as you move away!
The gnoll bouda hits you with a +0 falchion.
* * * LOW HITPOINT WARNING * * *
The gnoll bouda attacks as you move away!
The gnoll bouda hits you but does no damage.
The gnoll bouda gazes fiercely through you!
You feel your attacks grow feeble.
There is a stone staircase leading up here.
The gnoll hits you from afar with a +0 spear.
* * * LOW HITPOINT WARNING * * *
The gnoll bouda barks out a call to the hunt!
The gnoll picks up the pace!
You climb upwards.
Level annotation: 3 runed translucent doors, BlasphemerAmon's ghost, amateur DsHu; oldplebian's ghost, amateur DgEE
There is a stone staircase leading down here.
You hit the gnoll bouda.
The gnoll bouda is heavily wounded.
The gnoll bouda hits you but does no damage.
You barely miss the gnoll bouda.
The gnoll bouda is heavily wounded.
Your attacks no longer feel as feeble.
The gnoll bouda hits you with a +0 falchion.
* * * LOW HITPOINT WARNING * * *
You block the gnoll bouda's attack.
You closely miss the gnoll bouda.
The gnoll bouda is heavily wounded.
The gnoll bouda hits you but does no damage.
You closely miss the gnoll bouda.
The gnoll bouda is heavily wounded.
The gnoll bouda mumbles some strange prayers to its god.
The gnoll bouda is healed somewhat.
The gnoll bouda barely misses you.
You barely miss the gnoll bouda.
The gnoll bouda is moderately wounded.
The gnoll bouda hits you with a +0 falchion.
You die...

### #.####### ##.## ######.#####
# ##.#.##########..........###
#.###...........####........
##.#.#####...#### #####.###
########.## #....># #.#
<[.....#.# ##...## #.# ######.#.#
##.## #.# # ####.#.# #@# ####.###
# #......# #g# #....... #
#.##.### ##'## #.##.### # #.##.#
##...## #.##.# ###.##.# ##.....##
#.##.## .......## ##.......##
##.##.<#
........####.........####...##.##
...........).........'...........
###.#...####.........####......##


You could see a gnoll bouda.

Vanquished Creatures
  Sigmund (D:2)
  An orc priest (D:3)
  An orc wizard (D:3)
  Robin (D:3)
  A gnoll (D:4)
  3 adders
  An ufetubus (D:3)
  2 worms (D:2)
  A dart slug (D:1)
  10 orcs
  2 bats
  6 endoplasms
  3 giant cockroaches
  15 goblins
  10 hobgoblins
  2 jackals (D:2)
  6 quokkas
  5 ball pythons
  2 frilled lizards (D:1)
  11 kobolds
84 creatures vanquished.

Notes
Turn   | Place    | Note
-------+----------+-------------------------------------------
     0 | D:1      | Dittersdorf the Gargoyle Fighter began the quest for the
                  | Orb.
     0 | D:1      | Reached XP level 1. HP: 14/14 MP: 1/1
   176 | D:1      | Reached XP level 2. HP: 16/19 MP: 2/2
   691 | D:1      | Reached XP level 3. HP: 23/23 MP: 3/3
  1154 | D:2      | Noticed Sigmund
  1164 | D:2      | Killed Sigmund
  1165 | D:2      | Reached XP level 4. HP: 25/30 MP: 4/4
  1165 | D:2      | Reached XP level 5. HP: 28/34 MP: 5/5
  1528 | D:2      | Found a faded altar of an unknown god.
  1738 | D:3      | Reached XP level 6. HP: 3/39 MP: 6/6
  2032 | D:3      | Found a runed translucent gate.
  2032 | D:3      | Found a runed translucent gate.
  2032 | D:3      | Found a runed translucent gate.
  2032 | D:3      | Noticed oldplebian's ghost (amateur DgEE)
  2033 | D:3      | Noticed BlasphemerAmon's ghost (amateur DsHu)
  2548 | D:3      | Noticed Robin
  2575 | D:3      | Killed Robin
  3066 | D:4      | Identified a scroll of acquirement
  3066 | D:4      | Acquired 380 gold pieces
  3201 | D:4      | Found a hide-covered altar of Uskayaw.
  3202 | D:4      | Found an ornate altar of the Wu Jian Council.
  3492 | D:3      | Slain by a gnoll bouda

Illustrated notes

Levels and vault maps discovered:
D:1:      grunt_arrival_lava_bath, layout_loops_ring, serial_glass,
          glass_columns_c, glass_columns_a, glass_columns_b, glass_columns_a,
          glass_columns_b, glass_columns_a, minmay_misc_feat_square,
          minmay_pentomino_u4
D:2:      layout_loops_corners, shapermc_ecumenical_altar_hornbeckon,
          uniq_sigmund
D:3:      corexii_shack_village, layout_loops_corners, gammafunk_ghost_cemetery,
          uniq_robin
D:4:      layout_loops_corners, chequers_temple_overflow_statue_of_worship

Skill      XL: |  1  2  3 |
---------------+----------+-----
Fighting       | 4 |  4.9
Maces & Flails | 3 |  3.8
Armour         | 4 |  4.9
Shields        | 4 |  4.9

Action                     |  1- 3 |  4- 6 || total
---------------------------+-------+-------++-------
  Melee: Flail             |   113 |   115 ||   228
         Morningstar       |       |   125 ||   125
    Use: Scroll            |       |     7 ||     7
 Armour: Scale mail        |    57 |   137 ||   194
         Chain mail        |       |    84 ||    84
  Dodge: Dodged            |    60 |   104 ||   164
  Block: Buckler           |    14 |    55 ||    69

Table legend: (Time is in decaauts)
 A = Elapsed time spent in this place.
 B = Non-inter-level travel time spent in this place.
 C = Inter-level travel time spent in this place.
 D = Time resting spent in this place.
 E = Time spent auto-exploring this place.
 F = Levels seen in this place.
 G = Mean time per level.
                   A        B        C        D        E       F      G
               +--------+--------+--------+--------+--------+-----+--------+
         Total |   3608 |   3459 |    149 |    274 |   2370 |   4 |  902.0 |
       Dungeon |   3608 |   3459 |    149 |    274 |   2370 |   4 |  902.0 |
               +--------+--------+--------+--------+--------+-----+--------+

Top non-repeatable levels by time:
     D:3: 1545 daAuts
     D:2: 934 daAuts
     D:1: 737 daAuts
     D:4: 391 daAuts
